Map: Jagannatha LE

Players

GunGFuBanDa

  • Race: Protoss Protoss

Denver - Winner!

  • Race: Zerg Zerg

Event: DreamHack SC2 Masters 2021 Winter

VOD

Have the link to the VOD?

Description

Time

  • Played on: Oct. 13, 2021, 10:56 a.m.
  • Length: 16:05

All games in this series

Show
View Real Time Build Order
Export as new Build Order

GunGFuBanDa Protoss 

Build Orders: 1 Gate Expand 

Get SALT Encoding   

  12  0:00  Probe  
  13  0:12  Probe  
  14  0:17  Pylon  
  14  0:24  Probe (Chrono Boost)  
  16  0:36  Probe (Chrono Boost)  
  16  0:38  Gateway  
  16  0:43  Probe (Chrono Boost)  
  16  0:49  Assimilator  
  17  0:52  Probe  
  18  1:04  Probe  
  19  1:16  Probe  
  20  1:30  Cybernetics Core  
  21  1:37  Nexus  
  20  1:41  Probe  
  20  1:43  Assimilator  
  21  1:50  Pylon  
  21  1:55  Probe  
  22  2:06  Adept (Chrono Boost)  
  22  2:07  Probe (Chrono Boost)  
  25  2:09  Warp Gate  
  25  2:18  Probe (Chrono Boost)  
  26  2:23  Probe (Chrono Boost)  
  26  2:29  Adept (Chrono Boost)  
  29  2:33  Probe  
  30  2:37  Twilight Council  
  29  2:45  Probe  
  29  2:49  Probe  
  31  2:55  Stalker (Chrono Boost)  
  31  2:57  Probe  
  34  3:01  Probe (Chrono Boost)  
  34  3:05  Robotics Facility  
  36  3:13  Probe (Chrono Boost)  
  36  3:14  Probe (Chrono Boost)  
  36  3:18  Gateway  
  37  3:21  Probe (Chrono Boost)  
  37  3:24  Probe (Chrono Boost)  
  39  3:27  Resonating Glaives (Chrono Boost), Probe  
  39  3:33  Probe  
  41  3:38  Gateway  
  41  3:45  Pylon, Shield Battery  
  41  3:47  Probe  
  40  3:54  Probe  
  41  3:57  Adept  
  44  4:06  Warp Prism (Chrono Boost), Gateway  
  44  4:07  Pylon  
  44  4:09  Probe  
  44  4:10  Probe  
  45  4:21  Probe  
  45  4:23  Pylon  
  46  4:25  Probe  
  46  4:28  Adept  
  46  4:29  Adept  
  51  4:31  Assimilator  
  51  4:33  Probe  
  51  4:34  Observer (Chrono Boost)  
  51  4:38  Probe  
  54  4:44  Robotics Bay  
  54  4:45  Adept, Probe  
  57  4:47  Pylon  
  57  4:50  Probe  
  58  4:57  Probe  
  59  5:02  Pylon  
  59  5:06  Adept x4  
  67  5:14  Observer  
  67  5:21  Probe  
  67  5:22  Probe  
  67  5:24  Observer  
  67  5:28  Adept x2  
  73  5:38  Disruptor (Chrono Boost)  
  73  5:40  Nexus  
  73  5:41  Pylon  
  73  5:42  Gravitic Drive  
  76  5:48  Probe x2  
  78  5:51  Pylon  
  78  5:52  Assimilator  
  78  5:56  Pylon  
  78  6:00  Probe  
  69  6:04  Disruptor (Chrono Boost)  
  69  6:05  Blink, Probe, Sentry  
  69  6:08  Shield Battery  
  75  6:15  Probe  
  75  6:17  Probe, Forge  
  77  6:27  Probe  
  77  6:29  Probe  
  79  6:33  Gateway x2  
  79  6:34  Pylon  
  79  6:39  Colossus (Chrono Boost), Probe  
  80  6:41  Probe  
  87  6:48  Stalker, Sentry  
  87  6:51  Probe x2  
  87  6:53  Probe  
  94  6:56  Protoss Ground Weapons Level 1 (Chrono Boost), Pylon  
  94  7:03  Probe x2  
  94  7:05  Probe  
  97  7:14  Extended Thermal Lance  
  97  7:15  Probe x2  
  98  7:17  Assimilator x2  
  98  7:21  Shield Battery  
  99  7:23  Photon Cannon  
  99  7:27  Colossus (Chrono Boost), Zealot  
  99  7:28  Zealot  
  107  7:41  Probe  
  107  7:43  Probe  
  107  7:45  Pylon  
  107  7:47  Gateway  
  107  7:49  Gateway  
  107  7:53  Stalker x5  
  117  8:11  Probe x2  
  117  8:15  Stalker  
  119  8:21  Stargate  
  119  8:25  Photon Cannon, Pylon  
  119  8:26  Photon Cannon, Stargate  
  119  8:30  Shield Battery  
  119  8:36  Stalker  
  119  8:37  Nexus  
  119  8:38  Stalker x3  
  127  8:51  Photon Cannon  
  127  9:00  Zealot x4  
  127  9:01  Zealot x2  
  139  9:08  Phoenix (Chrono Boost)  
  143  9:11  Phoenix (Chrono Boost)  
  140  9:24  Protoss Ground Weapons Level 2 (Chrono Boost)  
  140  9:29  Phoenix (Chrono Boost)  
  140  9:30  Phoenix (Chrono Boost)  
  140  9:31  Observer  
  140  9:33  Probe  
  140  9:34  Photon Cannon  
  140  9:36  Gateway  
  139  9:44  Probe  
  139  9:45  Probe x2  
  140  9:51  Void Ray x2 (Chrono Boost)  
  144  9:57  Photon Cannon  
  144  9:58  Protoss Air Weapons Level 1 (Chrono Boost), Shield Battery  
  144  9:59  Photon Cannon  
  148  10:00  Charge  
  148  10:04  Probe  
  149  10:11  Probe x3  
  142  10:23  Stalker x5  
  142  10:24  Stalker  
  154  10:30  Phoenix x2 (Chrono Boost)  
  156  10:37  Probe (Chrono Boost)  
  160  10:42  Probe (Chrono Boost)  
  160  10:43  Probe x2 (Chrono Boost)  
  160  10:46  Photon Cannon  
  160  10:48  Adept x2  
  164  10:53  Pylon  
  164  10:54  Dark Shrine, Pylon  
  164  10:56  Probe  
  164  10:57  Fleet Beacon, Probe  
  139  11:12  Zealot x4  
  135  11:18  Probe x2  
  135  11:19  Probe x2  
  135  11:24  Pylon  
  137  11:27  Phoenix x2  
  137  11:30  Probe x2  
  138  11:50  Stalker x2  
  141  11:59  Zealot x5  
  153  12:03  Probe (Chrono Boost)  
  153  12:04  Probe (Chrono Boost)  
  153  12:05  Probe (Chrono Boost)  
  155  12:09  Probe (Chrono Boost)  
  155  12:17  Templar Archives  
  155  12:27  Probe  
  156  12:30  Shield Battery  
  156  12:31  Photon Cannon  
  156  12:39  Photon Cannon  
  156  12:41  Sentry  
  156  12:42  Sentry  
  158  12:47  Protoss Ground Weapons Level 3 (Chrono Boost)  
  158  12:49  Probe  
  160  12:51  Probe  
  160  12:54  High Templar x2  
  160  12:55  Zealot, High Templar x2  
  170  13:00  Archon x2  
  170  13:13  Pylon  
  170  13:14  Immortal, Pylon x2  
  158  13:24  Zealot x4  
  138  13:32  Stalker x3  
  138  13:33  Stalker  
  121  13:51  Immortal (Chrono Boost)  
  121  13:52  Probe x2  
  127  13:57  Dark Templar  
  127  13:59  Dark Templar  
  127  14:01  Dark Templar  
  133  14:04  Probe (Chrono Boost)  
  136  14:10  Probe x2 (Chrono Boost)  
  132  14:25  Immortal (Chrono Boost)  
  132  14:30  High Templar x2  
  138  14:34  Archon  
  138  14:35  Zealot x6  
  142  14:55  Warp Prism (Chrono Boost)  
  142  14:57  Dark Templar  
  142  15:09  High Templar x2  
  146  15:17  High Templar  
  142  15:31  Probe  
  141  15:37  High Templar x2  
  145  15:43  Nexus  
  114  15:52  Zealot x6  
Show
View Real Time Build Order
Export as new Build Order

Denver Zerg - Winner!

Build Orders: Hatch First 

Get SALT Encoding   

  12  0:00  Drone  
  13  0:12  Overlord  
  13  0:16  Drone  
  14  0:30  Drone x2  
  16  0:53  Drone  
  16  0:54  Hatchery  
  16  0:57  Drone  
  16  1:00  Drone  
  18  1:11  Extractor  
  17  1:21  Spawning Pool  
  17  1:22  Drone  
  18  1:25  Drone  
  18  1:29  Drone  
  19  1:42  Drone  
  20  1:50  Overlord  
  20  2:08  Queen x2  
  20  2:09  Zergling x4  
  20  2:14  Metabolic Boost  
  26  2:22  Drone x2  
  28  2:26  Drone  
  29  2:31  Extractor  
  29  2:35  Drone  
  29  2:36  Drone  
  31  2:51  Hatchery  
  31  2:53  Extractor  
  31  2:56  Queen  
  31  3:00  Zergling x2  
  31  3:01  Zergling x2  
  33  3:06  Overlord  
  33  3:09  Zergling x2  
  33  3:10  Zergling x2  
  36  3:13  Extractor  
  36  3:14  Drone  
  36  3:24  Drone, Evolution Chamber  
  36  3:25  Drone x2  
  38  3:30  Drone  
  38  3:31  Drone x3  
  43  3:41  Queen  
  42  3:42  Overlord  
  42  3:52  Drone x2  
  42  3:54  Overlord  
  43  4:01  Drone x5  
  48  4:07  Drone x3  
  50  4:14  Roach Warren  
  50  4:16  Drone, Extractor  
  49  4:17  Drone  
  49  4:23  Drone x3  
  53  4:30  Zergling x4  
  55  4:33  Overlord  
  55  4:35  Overlord  
  55  4:38  Overlord  
  55  4:42  Zergling x8  
  59  4:49  Overlord  
  59  4:56  Roach x4  
  67  5:01  Lair  
  67  5:03  Zergling x6  
  67  5:04  Zergling x2  
  71  5:10  Zergling x2, Roach x2  
  76  5:15  Zergling x6  
  79  5:24  Ravager  
  79  5:25  Zergling x12  
  87  5:28  Ravager  
  87  5:33  Drone x2  
  87  5:34  Overlord x2  
  89  5:37  Spore Crawler  
  89  5:39  Spore Crawler  
  87  5:45  Drone x3  
  90  5:51  Overlord  
  89  6:00  Drone x10  
  89  6:01  Drone  
  92  6:06  Glial Reconstitution  
  92  6:07  Overseer  
  92  6:10  Drone x3  
  94  6:18  Drone x3, Extractor  
  97  6:20  Drone x3  
  97  6:23  Extractor  
  97  6:25  Drone x2, Evolution Chamber  
  98  6:29  Roach  
  98  6:30  Roach x2  
  98  6:31  Overlord  
  105  6:35  Overlord  
  105  6:38  Drone  
  105  6:39  Drone x2  
  108  6:40  Extractor  
  108  6:46  Spire  
  105  6:52  Extractor  
  104  6:55  Zerg Missile Weapons Level 1, Hatchery  
  104  6:58  Drone x3  
  104  7:00  Zergling x6  
  109  7:07  Drone x6  
  115  7:18  Overlord  
  115  7:19  Overlord  
  115  7:22  Zergling x10  
  120  7:36  Drone x6  
  120  7:59  Mutalisk x8  
  124  8:07  Mutalisk x3  
  122  8:13  Zergling x6, Roach x3, Extractor  
  122  8:14  Zergling x6  
  133  8:21  Overlord  
  133  8:24  Spine Crawler  
  133  8:25  Spine Crawler, Roach x6  
  133  8:26  Spine Crawler  
  142  8:29  Overlord x2  
  142  8:30  Overlord  
  142  8:35  Drone x2  
  142  8:37  Zerg Flyer Weapons Level 1  
  142  8:38  Baneling Nest  
  143  8:45  Overlord  
  143  8:49  Drone  
  143  8:50  Drone x9  
  153  9:02  Mutalisk x6  
  152  9:11  Extractor  
  151  9:21  Hatchery, Roach x6  
  156  9:31  Overlord  
  156  9:33  Zergling x18  
  156  9:36  Centrifugal Hooks  
  165  9:44  Drone x6  
  171  9:48  Zerg Melee Weapons Level 1  
  171  9:49  Ravager  
  171  9:50  Ravager x3  
  171  9:51  Overlord x2  
  175  9:55  Zergling x4  
  175  9:56  Zergling x10  
  175  9:59  Baneling x4  
  182  10:09  Zergling x18  
  186  10:21  Zergling x4  
  186  10:22  Zergling x8  
  186  10:26  Infestation Pit  
  186  10:28  Baneling x16  
  191  10:29  Baneling x12  
  185  10:44  Baneling x17  
  176  11:08  Zergling x2  
  176  11:09  Zergling x48  
  166  11:19  Zergling x2  
  166  11:20  Zergling x12  
  166  11:22  Hive  
  177  11:45  Extractor  
  143  11:55  Corruptor x14  
  143  12:00  Roach x4  
  171  12:05  Roach x4  
  177  12:11  Roach x5  
  186  12:28  Ravager x2  
  186  12:29  Ravager x3  
  183  12:33  Zergling x8  
  183  12:34  Zergling x16, Roach x2  
  199  12:46  Baneling x17  
  199  12:56  Baneling x9  
  199  13:05  Baneling x9  
  195  13:09  Baneling x4  
  174  13:26  Roach  
  172  13:27  Zergling x30, Roach x15  
  171  13:34  Roach x4  
  169  13:46  Roach x6  
  178  13:56  Baneling x17  
  178  13:58  Zergling x2  
  178  13:59  Zergling x8  
  183  14:03  Zergling x6  
  183  14:04  Ravager  
  183  14:05  Ravager  
  183  14:09  Ravager  
  189  14:13  Zergling x10  
  189  14:17  Overlord  
  192  14:22  Zergling x12  
  190  14:29  Overlord  
  183  14:33  Overseer  
  183  14:35  Overseer  
  179  14:40  Drone x4  
  179  14:41  Pneumatized Carapace  
  178  14:51  Zergling x16  
  178  14:52  Zergling x8  
  188  14:53  Roach  
  189  15:04  Ravager x2  
  189  15:05  Baneling x17  
  191  15:21  Zergling x20  

Tags
 
Add a new tag
Caveats
  • Supply blocks, unpowered buildings, or Contaminate may cause inaccurate times.
  • Supply counts are checked every 10 seconds.